 Dungeon Crawl Stone Soup version 0.31-a0-233-g139696dc86 (webtiles) character file.

Game seed: 3507399861348954445

33 qw the Shooter (level 3, -3/29 HPs)
             Began as a Minotaur Hexslinger on July 9, 2023.
             Slain by a gnoll
             ... wielding a +0 spear
              (7 damage)
             ... on level 2 of the Dungeon.
             The game lasted 00:00:16 (623 turns).

qw the Shooter (Minotaur Hexslinger)                 Turns: 623, Time: 00:00:17

Health: -3/29      AC:  2    Str: 12    XL:     3   Next: 12%
Magic:  3/3        EV: 12    Int: 10    God:
Gold:   41         SH:  0    Dex: 14    Spells: 3/4 levels left

rFire   . . .        Y - +1 sling
rCold   . . .        (no shield)
rNeg    . . .        c - +0 robe
rPois   .            (helmet restricted)
rElec   .            (no cloak)
rCorr   .            (no gloves)
SInv    .            (no boots)
Will    .....        (no amulet)
Stlth   +            (no ring)
HPRegen 0.24/turn    (no ring)
MPRegen 0.08/turn

%: no passive effects
@: no status effects
A: horns 2, retaliatory headbutt
a: no special abilities


You were on level 2 of the Dungeon.
You visited 1 branch of the dungeon, and saw 2 of its levels.

You collected 41 gold pieces.


Innate Abilities, Weirdness & Mutations

You have a pair of horns on your head.
You reflexively headbutt those who attack you in melee.


   Skills:
 - Level 2.0 Fighting
 + Level 3.7 Ranged Weapons
 - Level 2.1 Dodging
 - Level 1.0 Spellcasting
 - Level 2.0 Hexes


You had 3 spell levels left.
You knew the following spells:

 Your Spells              Type           Power      Damage    Failure   Level
a - Slow                  Hex            16%        N/A       16%         1

Your spell library contained the following spells:

 Spells                   Type           Power      Damage    Failure   Level
 Inner Flame              Hex/Fire       2%         N/A       56%         3
 Portal Projectile        Hex/Tloc       4%         N/A       56%         3
 Cause Fear               Hex            2%         N/A       83%         4

Inventory:

Hand Weapons
 Y - a +1 sling (weapon)
Armour
 c - a +0 robe (worn)
Jewellery
 b - an amulet of magic regeneration
Scrolls
 a - a scroll of immolation {unknown}
Potions
 d - 2 potions of mutation {unknown}
 e - a potion of berserk rage {unknown}
 f - a potion of lignification {unknown}

Dungeon Overview and Level Annotations

Branches:
Dungeon (2/15)

Altars:


Message History

The gnoll moves out of view.
Enter note:
Enter note: A gnoll comes into view. It is wielding a +0 spear.
Enter note:
Enter note: You shoot a sling bullet.
The gnoll shouts!
The sling bullet hits the gnoll.
The gnoll is moderately wounded.
A gnoll comes into view. It is wielding a +0 spear.
You shoot a sling bullet. The gnoll shouts!
The sling bullet hits the gnoll but does no damage.
The gnoll is moderately wounded.
You shoot a sling bullet.
The sling bullet barely misses the gnoll.
The gnoll closely misses you.
You shoot a sling bullet.
The sling bullet hits the gnoll but does no damage.
The gnoll is moderately wounded.
The gnoll hits you from afar with a +0 spear!
You shoot a sling bullet. The sling bullet hits the gnoll.
The gnoll is severely wounded.
You shoot a sling bullet. The sling bullet hits the gnoll!
The gnoll is severely wounded.
The gnoll hits you from afar with a +0 spear. x2
You shoot a sling bullet.
The sling bullet barely misses the gnoll.
The gnoll hits you from afar with a +0 spear.
The gnoll misses you.
You shoot a sling bullet.
The sling bullet barely misses the gnoll.
The gnoll closely misses you.
The gnoll hits you from afar with a +0 spear. x2
You shoot a sling bullet. The sling bullet hits the gnoll.
The gnoll is severely wounded.
The gnoll misses you. The gnoll closely misses you.
The gnoll hits you from afar with a +0 spear!
You die...

#.......#.#
#.........####
######.......#
##.(.##.###########
###....#..........
#...............
#.##............
#.##............
#.##....@.......
#.####..........
#.# ##.ggg<#### ..
#.....# .# ##....#
###... #... .#..


You could see 3 gnolls.

Vanquished Creatures
  An adder (D:1)
  A dart slug (D:1)
  2 bats (D:1)
  An endoplasm (D:1)
  A giant cockroach (D:2)
  2 goblins (D:1)
  3 hobgoblins (D:1)
  2 jackals (D:1)
  A kobold (D:1)
  2 ball pythons (D:1)
  2 frilled lizards (D:1)
  2 rats
20 creatures vanquished.

Notes
Turn   | Place    | Note
-------+----------+-------------------------------------------
     0 | D:1      | qw the Minotaur Hexslinger began the quest for the Orb.
     0 | D:1      | Reached XP level 1. HP: 16/16 MP: 1/1
     0 | D:1      | 0 ||| qw: Version: 0.3-a-51-g015441d
     0 | D:1      | 0 ||| qw: Game counter: 3851
     0 | D:1      | 0 ||| qw: Melee chars always use a shield: true
     0 | D:1      | 0 ||| qw: God list: Okawaru
     0 | D:1      | 0 ||| qw: Allow faded altars: false
     0 | D:1      | 0 ||| qw: Do Orc after clearing Dungeon:15 true
     0 | D:1      | 0 ||| qw: Do second Lair branch before Depths: true
     0 | D:1      | 0 ||| qw: Lair rune preference: random
     0 | D:1      | 0 ||| qw: Goals: Normal
     0 | D:1      | 0 ||| PLANNING D:1-11
    78 | D:1      | 78 ||| FLEEEEING.
    79 | D:1      | 79 ||| FLEEEEING.
    80 | D:1      | 80 ||| FLEEEEING.
    81 | D:1      | 81 ||| FLEEEEING.
    90 | D:1      | Reached skill level 3 in Ranged Weapons
    90 | D:1      | Reached XP level 2. HP: 21/23 MP: 2/2
   464 | D:1      | 464 ||| READING scroll labelled XYAFRA ATYOTS.
   469 | D:1      | 469 ||| READING scroll labelled PYOHUUTUER.
   470 | D:1      | 470 ||| DROPPING scroll of poison.
   504 | D:2      | 504 ||| STAIRDANCE
   507 | D:1      | Reached XP level 3. HP: 18/29 MP: 3/3
   622 | D:2      | HP: 5/29 [gnoll/+0 spear (5)]
   623 | D:2      | Slain by a gnoll

Levels and vault maps discovered:
D:1:      scummos_arrival_hexagon, layout_rooms, chequers_serial_rivers_large_a
D:2:      layout_rooms, minmay_pentomino_q2

Skill      XL: |  1  2 |
---------------+-------+-----
Ranged Weapons | 3 |  3.7
Fighting       | 2 |  2.0
Dodging        | |  2.1
Spellcasting   | |  1.0
Hexes          | |  2.0

Action                     || total
---------------------------++-------
   Fire: Sling             ||    58
    Use: Scroll            ||     2
 Armour: Robe              ||     5
  Dodge: Dodged            ||    15

Table legend:
 A = Non-vault XP
 B = Vault XP
 C = Vault XP percentage of total XP
 D = Non-vault monster count
 E = Vault monster count
 F = Vault count percentage of total count
                 A         B        C        D         E       F
            +---------+---------+-------+---------+---------+-------
      Total |      48 |       0 |   0.0 |      20 |       0 |   0.0
            +---------+---------+-------+---------+---------+-------
        D:1 |      45 |       0 |   0.0 |      18 |       0 |   0.0
        D:2 |       3 |       0 |   0.0 |       2 |       0 |   0.0
            +---------+---------+-------+---------+---------+-------
